Map: King's Cove LE

Players

Parkkatz - Winner!

  • Race: Zerg Zerg
  • League: Platinum
  • Spawn Location: 11:00

ProudPaw

  • Race: Terran Terran
  • League: Diamond
  • Spawn Location: 5:00

VOD

Have the link to the VOD?

Description

Time

  • Played on: July 3, 2019, 9:21 p.m.
  • Length: 16:25
Show
View Real Time Build Order
Export as new Build Order

Parkkatz Zerg - Winner!

Build Orders: Hatch First 

Get SALT Encoding   

  12  0:02  Drone  
  13  0:15  Overlord  
  13  0:20  Drone  
  14  0:33  Drone  
  14  0:34  Drone  
  16  0:38  Drone  
  17  0:48  Drone  
  18  0:59  Hatchery  
  18  1:02  Extractor  
  18  1:03  Drone  
  17  1:17  Spawning Pool  
  16  1:20  Drone  
  16  1:25  Drone  
  18  1:31  Drone  
  19  1:42  Overlord  
  19  2:04  Zergling x4  
  19  2:06  Queen  
  23  2:12  Zergling x2  
  23  2:13  Queen  
  26  2:21  Metabolic Boost  
  26  2:25  Drone  
  26  2:26  Drone x2  
  29  2:37  Overlord  
  29  2:48  Drone  
  29  2:49  Overlord, Queen  
  32  3:00  Drone x3  
  35  3:09  Drone  
  35  3:10  Drone  
  37  3:28  Hatchery  
  37  3:29  Drone x3  
  37  3:30  Drone  
  39  3:58  Zergling x2  
  39  3:59  Zergling x10  
  45  4:16  Drone x2  
  45  4:17  Overlord  
  45  4:22  Extractor  
  45  4:23  Extractor  
  43  4:31  Zergling x12  
  49  4:39  Drone x2  
  49  4:40  Drone  
  52  4:46  Queen  
  54  4:54  Drone x2  
  54  4:55  Drone  
  54  4:56  Drone x2  
  54  4:57  Drone x2  
  54  4:58  Zergling x2  
  54  4:59  Zergling x2  
  63  5:17  Drone x2, Roach Warren  
  63  5:18  Overlord, Evolution Chamber  
  63  5:21  Queen  
  63  5:24  Spore Crawler  
  63  5:28  Spore Crawler  
  62  5:30  Overlord x4  
  57  5:44  Drone x3  
  57  5:45  Drone x3  
  63  5:50  Zerg Missile Weapons Level 1  
  58  5:57  Roach x11  
  58  6:03  Drone x4  
  82  6:07  Lair  
  82  6:10  Drone x2  
  84  6:20  Zergling x2  
  84  6:21  Zergling x12  
  90  6:37  Extractor  
  89  6:40  Extractor  
  89  6:41  Drone x4, Extractor  
  89  6:42  Drone x3  
  89  6:43  Drone x3  
  89  6:44  Overlord x2  
  97  6:51  Overlord x3  
  87  7:32  Spore Crawler  
  82  7:38  Queen x3  
  82  7:39  Hydralisk Den  
  77  7:53  Zerg Missile Weapons Level 2  
  77  7:56  Drone, Overlord  
  77  7:57  Overlord  
  73  8:02  Zergling x8  
  77  8:12  Hydralisk  
  77  8:13  Hydralisk x16  
  109  8:21  Spore Crawler  
  109  8:24  Hydralisk  
  109  8:25  Hydralisk x4  
  115  8:31  Drone  
  115  8:32  Drone x2  
  117  8:45  Muscular Augments  
  117  8:53  Overlord x2  
  117  8:56  Hatchery  
  116  9:10  Baneling Nest  
  102  9:49  Drone x14  
  102  9:50  Drone x11  
  97  10:16  Grooved Spines, Hydralisk  
  97  10:17  Hydralisk x11  
  116  10:25  Extractor  
  116  10:26  Spore Crawler, Extractor  
  113  10:28  Spore Crawler  
  113  10:30  Spore Crawler  
  113  10:35  Hydralisk x6  
  111  10:36  Hydralisk x3  
  111  10:40  Zerg Ground Armor Level 1  
  129  10:45  Infestation Pit  
  129  10:49  Drone x2  
  130  10:50  Zergling x2  
  130  10:51  Zergling x8  
  135  10:59  Drone x2, Lair  
  135  11:02  Hydralisk  
  135  11:03  Hydralisk x5  
  149  11:28  Hatchery  
  148  11:46  Pathogen Glands, Spire  
  143  11:47  Hive  
  143  11:51  Zergling x8  
  143  11:52  Zergling x24  
  143  11:53  Overlord x2  
  143  11:54  Overlord x2  
  153  12:14  Hydralisk x10  
  153  12:15  Hydralisk x2  
  147  12:28  Hydralisk  
  147  12:29  Hydralisk x5  
  139  12:41  Centrifical Hooks  
  139  12:44  Zerg Ground Armor Level 2  
  136  12:48  Evolution Chamber  
  136  12:50  Queen  
  137  12:53  Drone x4  
  141  13:00  Pneumatized Carapace  
  141  13:04  Hydralisk  
  141  13:05  Hydralisk x6  
  153  13:10  Adrenal Glands  
  155  13:13  Greater Spire  
  155  13:20  Drone x3  
  155  13:21  Drone x5  
  155  13:22  Hydralisk  
  155  13:24  Hydralisk  
  166  13:51  Extractor  
  166  13:52  Drone x3  
  166  13:53  Drone x3, Extractor  
  166  13:55  Drone x4  
  174  13:58  Zergling x22  
  174  13:59  Zergling x10  
  190  14:22  Corruptor x5  
  178  15:36  Brood Lord x5  
  178  15:41  Overseer  
  188  15:52  Corruptor x3  
  188  15:53  Corruptor x3  
Show
View Real Time Build Order
Export as new Build Order

ProudPaw Terran 

Build Orders: Command Center First (CC), Liberator Opening, Mech 

Get SALT Encoding   

  12  0:01  SCV  
  13  0:13  SCV  
  14  0:18  Supply Depot  
  14  0:25  SCV  
  15  0:40  SCV  
  16  0:52  SCV  
  17  1:04  SCV  
  17  1:07  Command Center  
  18  1:20  Barracks  
  18  1:24  SCV  
  19  1:29  Refinery  
  19  1:32  Refinery  
  19  1:36  SCV  
  20  1:49  SCV  
  21  2:01  SCV  
  22  2:10  Barracks Reactor  
  22  2:13  SCV  
  23  2:17  Supply Depot  
  23  2:18  Orbital Command  
  23  2:22  Refinery  
  23  2:38  Factory  
  23  2:41  Supply Depot  
  23  2:43  SCV  
  24  2:55  Marine x2  
  26  3:01  Orbital Command  
  26  3:21  SCV  
  26  3:23  Marine x2  
  26  3:25  Hellion  
  31  3:33  Starport, SCV  
  31  3:43  Marine  
  31  3:44  Marine  
  31  3:46  Hellion  
  35  3:59  Liberator  
  34  4:11  SCV x2  
  34  4:14  Hellion, Marine x2  
  43  4:21  Factory  
  43  4:28  SCV x2  
  45  4:35  Factory Reactor  
  45  4:36  Marine x2  
  47  4:40  SCV x2  
  49  4:52  SCV x2  
  51  5:02  Starport Reactor  
  51  5:04  SCV  
  51  5:05  Starport Tech Lab, SCV  
  53  5:08  Fusion Core  
  53  5:10  Factory Tech Lab  
  53  5:13  Factory  
  53  5:19  SCV  
  54  5:27  Supply Depot, SCV  
  53  5:30  Supply Depot  
  53  5:31  SCV  
  53  5:39  SCV  
  48  6:02  Infernal Pre-Igniter  
  48  6:03  Factory Tech Lab  
  48  6:06  Battlecruiser  
  48  6:07  Marine x2  
  48  6:08  Hellion  
  58  6:14  Hellion x2  
  62  6:25  Marine x2, SCV x2  
  66  6:26  Supply Depot  
  66  6:30  Hellion  
  68  6:36  Hellion  
  70  6:41  Supply Depot  
  70  6:47  Hellion, SCV  
  70  6:48  Hellion, SCV  
  70  6:51  Hellion  
  78  7:02  SCV  
  78  7:03  Hellion, SCV  
  74  7:14  SCV  
  74  7:15  SCV  
  68  7:17  Siege Tank  
  68  7:18  Siege Tank  
  63  7:26  SCV  
  57  7:47  Marine x2  
  57  7:48  Hellion x2  
  60  7:51  Siege Tank  
  61  8:04  Marine  
  62  8:34  Supply Depot  
  62  8:38  Refinery  
  62  8:40  Battlecruiser  
  62  8:46  Supply Depot  
  62  8:47  Supply Depot  
  62  8:55  Marine  
  62  8:56  Hellion x2, Siege Tank  
  62  9:00  Weapon Refit  
  70  9:04  Supply Depot  
  70  9:07  Marine, Siege Tank  
  74  9:13  Marine  
  74  9:15  Command Center  
  75  9:20  Supply Depot, Engineering Bay, SCV x2  
  77  9:25  Marine  
  70  9:32  SCV  
  51  9:39  Siege Tank  
  28  10:04  Marine x2  
  29  10:19  Supply Depot  
  29  10:21  Marine  
  29  10:22  Marine  
  29  10:24  Supply Depot  
  29  10:26  Supply Depot  
  31  10:38  Refinery  
  31  10:39  Marine x2  
  33  10:50  Hellion  
  33  10:51  Hellion x3  
  42  10:57  Marine x2, SCV x2  
  45  11:09  SCV  
  46  11:12  Hellion x3  
  52  11:24  Siege Tank  
  55  11:26  SCV  
  56  11:46  Marine x2  
  58  11:48  Hellion x3  
  64  11:56  Hellion  
  64  11:57  Engineering Bay  
  66  12:01  SCV  
  66  12:04  Marine x2  
  66  12:08  Orbital Command  
  60  12:09  Hellion  
  35  12:22  Marine  
  25  12:42  Siege Tank  
  26  12:56  Siege Tank  
  29  13:10  SCV  
  30  13:22  SCV  
  31  13:34  SCV  
  32  13:46  Siege Tank x2, SCV  
  39  13:58  SCV  
  40  14:11  SCV  
  41  14:22  Siege Tank x2  
  41  14:23  SCV  
  47  14:35  SCV  
  48  14:47  SCV  
  49  14:54  Siege Tank  
  49  14:59  SCV  
  50  16:16  Command Center  
Tags
 
Add a new tag
Caveats
  • Supply blocks, unpowered buildings, or Contaminate may cause inaccurate times.
  • Supply counts are checked every 10 seconds.